 Dungeon Crawl Stone Soup version 0.20.1-1-g8b1a95d (webtiles) character file.

245 OneorTwo the Gusty (level 6, -1/35 HPs)
             Began as a Tengu Air Elementalist on July 28, 2017.
             Slain by a centaur (4 damage)
             ... on level 4 of the Dungeon.
             The game lasted 00:17:07 (3052 turns).

OneorTwo the Gusty (Tengu Air Elementalist)         Turns: 3052, Time: 00:17:07

Health: -1/35      AC:  8    Str: 10    XL:     6   Next: 10%
Magic:  9/10       EV: 11    Int: 16    God:
Gold:   220        SH:  0    Dex: 14    Spells: 8/9 levels left

rFire    . . .     SeeInvis .   n - +4 quarterstaff (chaos)
rCold    . . .     Gourm    .   (shield currently unavailable)
rNeg     . . .     Faith    .   a - +0 ring mail
rPois    .         Spirit   .   (helmet restricted)
rElec    .         Reflect  .   o - +2 cloak
rCorr    .         Harm     .   (no gloves)
MR       .....                  (boots unavailable)
Stlth    +.........             (no amulet)
Regen    0.2/turn               (no ring)
MPRegen  0.2/turn               (no ring)

@: no status effects
A: beak, talons 3, able to fly 1
a: Fly


You were on level 4 of the Dungeon.
You were not hungry.

You visited 1 branch of the dungeon, and saw 4 of its levels.

You collected 220 gold pieces.

Inventory:

Hand Weapons
 e - a +0 club
 i - a +3 mace of crushing
 n - a +4 quarterstaff of chaos (weapon)
Missiles
 g - 127 stones (quivered)
 j - 12 poisoned needles
 p - 3 needles of sleeping
Armour
 a - a +0 ring mail (worn)
 h - a +0 leather armour
 l - a +0 scale mail
 o - a +2 cloak (worn)
Scrolls
 k - a scroll of teleportation
 r - a scroll of identify
Potions
 t - a potion of lignification {unknown}
Books
 b - a book of Air

   Spells                             Type                      Level
   a - Shock                          Conjuration/Air              1
   b - Swiftness                      Charms/Air                   2
   c - Static Discharge               Conjuration/Air              3
   d - Airstrike                      Air                          4
   e - Lightning Bolt                 Conjuration/Air              5
Comestibles
 c - 4 bread rations
 d - a meat ration
 m - 2 royal jellies


   Skills:
 + Level 1.7 Fighting
 - Level 3.1(3.6) Maces & Flails
 + Level 2.9(3.5) Staves
 + Level 1.4 Armour
 - Level 2.1 Dodging
 - Level 2.0 Stealth
 - Level 2.0 Spellcasting
 - Level 1.7 Conjurations
 - Level 5.5 Air Magic


You had 8 spell levels left.
You knew the following spells:

 Your Spells              Type           Power        Failure   Level  Hunger
a - Shock                 Conj/Air       ##..         12%         1    #......


Dungeon Overview and Level Annotations

Branches:
Dungeon (4/15)
 Temple: D:4-7

Altars:
Ru


Innate Abilities, Weirdness & Mutations

You have a beak for a mouth.
You have claws for feet.
You can fly.


Message History

The adder closely misses you.
The centaur shoots an arrow.
The arrow hits you but does no damage. The adder barely misses you.
You closely miss the adder.
The adder is moderately wounded.
The centaur shoots an arrow.
The arrow hits you. The adder barely misses you.
You hit the adder. You claw the adder, but do no damage.
The adder is severely wounded.
You kill the adder!
The centaur shoots an arrow.
The arrow hits you!
The centaur shoots an arrow.
The arrow closely misses you.
The centaur shoots an arrow.
The arrow hits you!
* * * LOW HITPOINT WARNING * * *
Things that are here:
an arrow; an adder corpse The centaur unwields an uncursed shortbow.
The centaur hits you.
* * * LOW HITPOINT WARNING * * *
There is a stone staircase leading up here.
The centaur hits you.
You die...

#.# #..###
#.############..###
#.##....<.........#
##.##.#######......#####.#
.........#.#.#.#.#.......#
####..###..........#######
#..# #.#.#.#.#(# #..#
.........## #..#
##.#.#.#@### ....
.......c..!#
#..####.#.#.#(#.......
#..# ...[.....##.###.
#.#.#.#.## # ..?...##
###.#.# #.#. # #.


You could see a centaur.

Vanquished Creatures
  Crazy Yiuf (D:2)
  Natasha (twice) (D:3)
  An iguana (D:4)
  4 adders
  An ooze (D:1)
  3 dart slugs
  2 leopard geckos
  5 orcs (D:3)
  7 bats
  6 giant cockroaches
  16 goblins
  11 hobgoblins
  9 jackals
  3 frilled lizards
  7 kobolds
  6 rats
84 creatures vanquished.

Notes
Turn   | Place    | Note
-------+----------+-------------------------------------------
     0 | D:1      | OneorTwo the Tengu Air Elementalist began the quest for the Orb.
     0 | D:1      | Reached XP level 1. HP: 10/10 MP: 4/4
   167 | D:1      | Reached XP level 2. HP: 10/15 MP: 6/6
   364 | D:1      | Reached skill level 5 in Air Magic
   505 | D:1      | Reached XP level 3. HP: 19/19 MP: 5/7
  1127 | D:2      | Found a sacrificial altar of Ru.
  1184 | D:2      | Reached skill level 1 in Maces & Flails
  1363 | D:2      | Reached XP level 4. HP: 23/24 MP: 2/8
  1592 | D:2      | Found a sacrificial altar of Ru.
  1774 | D:2      | Found a runed door.
  1778 | D:2      | Noticed Crazy Yiuf
  1786 | D:2      | Killed Crazy Yiuf
  1922 | D:3      | Noticed Natasha
  1930 | D:3      | Killed Natasha
  1930 | D:3      | Reached skill level 1 in Fighting
  1930 | D:3      | Gained mutation: You can fly. [Tengu growth]
  1930 | D:3      | Reached XP level 5. HP: 18/29 MP: 9/9
  2065 | D:3      | Reached skill level 1 in Staves
  2465 | D:3      | Reached skill level 1 in Armour
  2746 | D:3      | Noticed Natasha
  2758 | D:3      | Killed Natasha
  2946 | D:4      | Reached XP level 6. HP: 25/35 MP: 7/10
  3052 | D:4      | Slain by a centaur

Skill      XL: |  1  2  3  4  5 |
---------------+----------------+-----
Air Magic      | 5 |  5.5
Maces & Flails | 1 3 |  3.1
Fighting       | 1 |  1.7
Staves         | 2 |  2.9
Armour         | 1 |  1.4
Dodging        | |  2.1
Stealth        | |  2.0
Spellcasting   | |  2.0
Conjurations   | |  1.7

Action                   |  1- 3 |  4- 6 || total
-------------------------+-------+-------++-------
Melee: Club              |    19 |       ||    19
       Kick              |     5 |     9 ||    14
       Peck              |     5 |     6 ||    11
       Mace              |    30 |    13 ||    43
       Quarterstaff      |       |    58 ||    58
Throw: Stone             |     1 |       ||     1
 Cast: Shock             |    41 |    47 ||    88
  Use: Scroll            |     4 |     4 ||     8
 Stab: Sleeping          |     1 |       ||     1
       Invisible         |       |     2 ||     2
       Paralysed         |       |     1 ||     1
  Eat: Chunk             |     2 |     7 ||     9
Armor: Robe              |     7 |       ||     7
       Ring mail         |    14 |    20 ||    34
Dodge: Dodged            |    41 |    42 ||    83
